 Dungeon Crawl Stone Soup version 0.22-a0-855-g415d086bb8 (webtiles) character file.

214 Htamos the Ducker (level 5, -1/25 HPs)
             Began as a Felid Abyssal Knight on July 27, 2018.
             Was a Believer of Lugonu.
             Slain by an orc priest
             ... wielding a +0 club
              (4 damage)
             ... on level 6 of the Dungeon.
             The game lasted 00:31:10 (10172 turns).

Htamos the Ducker (Felid Abyssal Knight)           Turns: 10172, Time: 00:31:11

Health: -1/25      AC:  2    Str:  8    XL:     5   Next: 60%
Magic:  10/10      EV: 21    Int: 13    God:    Lugonu [**....]
Gold:   196        SH:  0    Dex: 18    Spells: 4/4 levels left
                                        Lives:  0   Deaths: 2

rFire    . . .     SeeInvis +     - Unarmed
rCold    . . .     Gourm    .   (shield unavailable)
rNeg     . . .     Faith    .   (armour unavailable)
rPois    .         Spirit   .   (helmet unavailable)
rElec    .         Reflect  .   (cloak unavailable)
rCorr    +         Harm     .   (gloves unavailable)
MR       .....                  (boots unavailable)
Stlth    ++........             (no amulet)
HPRegen  0.08/turn              h - ring of resist corrosion
MPRegen  0.12/turn              (no ring)

@: drained, quick
A: very small, no armour, no weapons or thrown items, stealth, claws 1, fangs 3,
see invisible, carnivore, speed 1, shaggy fur 2, slow metabolism 1, sharp paws
a: Depart the Abyss, Bend Space, Renounce Religion


You were on level 6 of the Dungeon.
You worshipped Lugonu.
Lugonu was pleased with you.
You were not hungry.

You visited 1 branch of the dungeon, and saw 6 of its levels.
You visited the Abyss 1 time.

You collected 196 gold pieces.

Inventory:

Jewellery
 h - a ring of resist corrosion (left paw)
Scrolls
 d - 3 scrolls of remove curse
 e - 3 scrolls of fog
 f - a scroll of amnesia
 g - a scroll of teleportation
 l - 2 scrolls of enchant weapon
Potions
 b - a potion of haste
 c - a potion of lignification
 i - a potion of degeneration {unknown}
 j - a potion of cancellation
 o - 2 potions of resistance
Comestibles
 a - 11 rations


   Skills:
 + Level 4.7(4.4) Fighting
 + Level 5.7(5.4) Dodging
 + Level 4.1(3.9) Unarmed Combat
 * Level 5.5(5.2) Invocations
   Level 1.5(1.2) Evocations


You had 4 spell levels left.
You didn't know any spells.
Your spell library was empty.

Dungeon Overview and Level Annotations

Branches:
Dungeon (6/15)
 Temple: D:4-7

Altars:
Ashenzari
Okawaru
Ru
Sif Muna
Vehumet
Xom

Annotations:
D:3 exclusion: downstairs
D:4 1 transporter


Innate Abilities, Weirdness & Mutations

You cannot wear armour.
You are incapable of wielding weapons or throwing items.
Your paws allow you to move quietly. (Stealth)
You have sharp claws.
You have razor-sharp teeth.
You have supernaturally acute eyesight. (SInv)
You are carnivorous and can eat meat at any time.
You cover ground quickly.
You are covered in thick fur. (AC +2)
You have a slow metabolism.
Your sharp claws are effective at attacking unaware monsters.


Message History

The orc misses you.
The orc priest looks satisfied for a moment.
The orc wizard closely misses you.
Unknown command.
You scratch the orc.
You kill the orc!
Lugonu accepts your kill. The wight barely misses you.
Unknown command.
You closely miss the wight. The wight misses you.
The sky beast barely misses you.
You scratch the wight.
The wight is moderately damaged.
The orc wizard hits you with a dagger.
* * * LOW HITPOINT WARNING * * *
The wight misses you.
You barely miss the wight.
The wight is moderately damaged.
The sky beast closely misses you. The orc priest hits you with a club.
You die...

# ..... # #.... # #...≈ ##
##... #. ##....# ##
......##.....≈## ###.
............rYo#############..#
.............z@o.............##
...<........#o...............##
........ ##..########........
#..... #...# ##....... #....#
##..## #....... #....###...#
#....... ##.........# ##......
#..........# #......
....#######..## #......


You could see a sky beast, a wight, an orc priest, an orc wizard, an orc and a
quokka.

Vanquished Creatures
  The ghost of dleb1993 the Shield-Bearer, an amateur GrFi (D:3)
  A big kobold (D:4)
  A bullfrog (D:4)
  2 scorpions
  A bullfrog zombie (D:5)
  A howler monkey (D:4)
  A centaur skeleton (D:4)
  A bullfrog skeleton (D:4)
  An iguana (D:3)
  An orc wizard (D:4)
  A worker ant (D:4)
  6 adders
  2 shadow imps
  5 worms
  2 dart slugs
  3 leopard geckos
  5 orcs
  13 bats
  10 giant cockroaches
  10 goblins
  9 hobgoblins
  14 kobolds
  2 quokkas
  A ball python (D:1)
  5 frilled lizards
  A jackal skeleton (D:4)
  8 rats
108 creatures vanquished.

Vanquished Creatures (others)
  2 fungi (D:4)
2 creatures vanquished.

Grand Total: 110 creatures vanquished

Notes
Turn   | Place    | Note
-------+----------+-------------------------------------------
     0 | Abyss:1  | Htamos the Felid Abyssal Knight began the quest for the Orb.
     0 | Abyss:1  | Reached XP level 1. HP: 10/10 MP: 3/3
    27 | Abyss:1  | Noticed a small abomination
    57 | Abyss:1  | Noticed a small abomination
    57 | Abyss:1  | Noticed a ynoxinul
    62 | Abyss:1  | Noticed a glowing orange brain
    63 | Abyss:1  | Noticed a storm dragon zombie
    64 | D:1      | Escaped the Abyss
   158 | D:1      | Reached * piety under Lugonu
   283 | D:1      | Reached XP level 2. HP: 12/14 MP: 4/4
  1268 | D:1      | Reached XP level 3. HP: 16/17 MP: 5/5
  2078 | D:2      | Reached ** piety under Lugonu
  2339 | D:2      | Found a shattered altar of Ashenzari.
  2341 | D:2      | Found a shimmering altar of Xom.
  2341 | D:2      | Found a bloodstained altar of Trog.
  2343 | D:2      | Found an ornate altar of the Wu Jian Council.
  2343 | D:2      | Found a shimmering altar of Xom.
  2343 | D:2      | Found an iron altar of Okawaru.
  3200 | D:2      | Found a shattered altar of Ashenzari.
  3206 | D:2      | Found a sacrificial altar of Ru.
  3209 | D:2      | Found a radiant altar of Vehumet.
  3505 | D:2      | Reached XP level 4. HP: 21/21 MP: 7/7
  3692 | D:2      | Found an iron altar of Okawaru.
  4511 | D:3      | Found a deep blue altar of Sif Muna.
  4900 | D:2      | Found an iron altar of Okawaru.
  6357 | D:4      | Reached XP level 5. HP: 19/25 MP: 8/8
  6612 | D:4      | Reached skill level 1 in Evocations
  6677 | D:4      | Gained mutation: You are covered in thick fur. (AC +2) [Felid growth]
  6677 | D:4      | Reached XP level 6. HP: 19/28 MP: 10/10
  6847 | D:4      | Found a transporter.
  6851 | D:4      | Noticed a fire bat
  6851 | D:4      | Noticed a fire bat
  7152 | D:4      | Found a runed gate.
  7152 | D:4      | Found a runed gate.
  7152 | D:4      | Found a runed gate.
  7162 | D:4      | Noticed dleb1993's ghost (amateur GrFi)
  7466 | D:3      | Killed dleb1993's ghost
  7466 | D:3      | Reached skill level 5 in Dodging
  7466 | D:3      | Reached XP level 7. HP: 5/33 MP: 11/11
  7830 | D:3      | Reached skill level 5 in Invocations
  8039 | D:4      | Found a transporter.
  8473 | D:5      | Entered Level 5 of the Dungeon
  9915 | D:5      | Splashed by a crimson imp's acid
  9916 | D:5      | Reached XP level 6. HP: -1/43 MP: 11/11
 10145 | D:6      | Slain by a wight
 10146 | D:6      | Reached XP level 5. HP: -2/25 MP: 10/10
 10161 | D:6      | Noticed a sky beast
 10172 | D:6      | Slain by an orc priest

Vault maps used:
D:1:      minmay_arrival_doors, hangedman_feature_mirror
D:2:      marbit_many_paths, doesnt_xom_only_xom, grunt_temple_overflow_diamond,
          first_ration
D:3:      nicolae_overflow_crystal_walls
D:4:      gammafunk_cloud_chamber, gammafunk_ghost_nasty_kobolds
D:6:      minmay_temple_entry_overgrown
Abyss:1:  minivault_5

Skill      XL: |  1  2  3  4  5  6  7 |
---------------+----------------------+-----
Invocations    | 2 3 4 5 |  5.5
Dodging        | 4 5 |  5.7
Unarmed Combat | 3 4 |  4.1
Evocations     | 1 |  1.5
Fighting       | 4 |  4.7

Action                   |  1- 3 |  4- 6 |  7- 9 || total
-------------------------+-------+-------+-------++-------
Melee: Unarmed           |   190 |   201 |   107 ||   498
       Bite              |    15 |    24 |    13 ||    52
       Punch             |       |     1 |       ||     1
Invok: Depart the Abyss  |     1 |       |       ||     1
Evoke: Wand              |       |    21 |       ||    21
  Use: Scroll            |     7 |     6 |     1 ||    14
       Potion            |       |     8 |     2 ||    10
 Stab: Sleeping          |     9 |     3 |       ||    12
       Paralysed         |       |     8 |       ||     8
  Eat: Chunk             |    12 |     8 |     6 ||    26
Armor: Skin              |     5 |    11 |     7 ||    23
Dodge: Dodged            |   148 |   140 |    90 ||   378

Table legend:
 A = Spawn XP
 B = Non-spawn XP
 C = Spawn XP percentage of total XP
 D = Spawn monster count
 E = Non-spawn monster count
 F = Spawn count percentage of total count
 G = Total turns spent on level
                    A         B        C        D         E        F      G
               +---------+---------+-------+---------+---------+-------+---------
         Total |       0 |    1142 |   0.0 |       0 |     108 |   0.0 | 10172
               +---------+---------+-------+---------+---------+-------+---------
           D:1 |       0 |      50 |   0.0 |       0 |      30 |   0.0 |  2451
           D:2 |       0 |      63 |   0.0 |       0 |      22 |   0.0 |  2101
           D:3 |       0 |     377 |   0.0 |       0 |      18 |   0.0 |  2043
           D:4 |       0 |     535 |   0.0 |       0 |      27 |   0.0 |  2795
           D:5 |       0 |     109 |   0.0 |       0 |       8 |   0.0 |   505
           D:6 |       0 |       8 |   0.0 |       0 |       3 |   0.0 |   213
               +---------+---------+-------+---------+---------+-------+---------
